 Dungeon Crawl Stone Soup version 0.31-a0-1104-g3bd3108e02 (webtiles) character file.

Game seed: 16392248396642818187

153329 jt the Scorcher (level 17, -3/138 HPs)
             Began as a Naga Fire Elementalist on Dec 2, 2023.
             Was a High Priest of Sif Muna.
             Slain by a spark wasp (4 damage)
             ... on level 4 of the Spider Nest on Dec 3, 2023.
             The game lasted 02:11:28 (32891 turns).

jt the Scorcher (Naga Fire Elementalist)           Turns: 32891, Time: 02:11:29

Health: -3/138     AC: 16    Str: 16    XL:     17   Next: 60%
Magic:  29/34      EV: 11    Int: 25    God:    Sif Muna [*****.]
Gold:   3051       SH:  0    Dex: 16    Spells: 13/43 levels left

rFire   + . .        T - staff of air
rCold   . . .        (no shield)
rNeg    . . .        H - +1 leather armour "Bely" {Drain Regen+ Dex+5}
rPois   +            M - +1 hat of the Sky {rPois rF+ Will+}
rElec   +            Y - scarf {repulsion}
rCorr   .            Z - +2 pair of gloves
SInv    +            (no barding)
Will    +++..        v - amulet of regeneration
Stlth   ++           B - +6 ring of intelligence
HPRegen 2.03/turn    G - +4 ring of protection
MPRegen 0.24/turn

%: repel missiles
@: radiating poison, spiked, channelling, slowed, studying 2 skills, very slow
A: AC +5, large, see invisible, deformed body, poison resistance, slowness 2,
spit poison 1, naga tail 2, antennae 1, dopey 1, strong 1
a: Spit Poison, Renounce Religion, Channel Magic, Forget Spell, Divine Exegesis


You were on level 4 of the Spider Nest.
You worshipped Sif Muna.
Sif Muna was extremely pleased with you.
You visited 5 branches of the dungeon, and saw 25 of its levels.
You also visited: Volcano.

You collected 3237 gold pieces.
You spent 186 gold pieces at shops.

Inventory:

Hand Weapons
 e - a +3 trident of draining
 i - the +1 dire flail of Bebumixo {heavy, *Corrode rF+ rN+++ SInv}
   (You found it on level 10 of the Dungeon)

   rF+:       It protects you from fire.
   rN+++:     It renders you almost immune to negative energy.
   SInv:      It lets you see invisible.
   *Corrode:  It may corrode you when you take damage.
 s - the +1 sling "Gedoz" {elec, rPois}
   (You found it on level 5 of the Lair of Beasts)

   rPois:     It protects you from poison
 x - the +3 whip of Decaying Absolution {speed, Fragile rCorr Str+4}
   (You found it on level 12 of the Dungeon)

   Str+4:     It affects your strength (+4).
   rCorr:     It protects you from acid and corrosion.
   Fragile:   It will be destroyed if unequipped.
 U - the +11 scimitar of Pomytomn {venom, Will+}
   (You found it on level 12 of the Dungeon)

   Will+:     It increases your willpower.
Missiles
 F - 5 throwing nets
Armour
 H - the +1 leather armour "Bely" (worn) {Drain Regen+ Dex+5}
   (You found it on level 6 of the Dungeon)

   Dex+5:     It affects your dexterity (+5).
   Regen+:    It increases your rate of health regeneration.
   Drain:     It drains your maximum health when unequipped.
 M - the +1 hat of the Sky (worn) {rPois rF+ Will+}
   (You acquired it on level 13 of the Dungeon)

   rF+:       It protects you from fire.
   rPois:     It protects you from poison Will+: It increases your willpower.
 Y - a scarf of repulsion (worn)
 Z - a +2 pair of gloves (worn)
Magical Staves
 T - a staff of air (weapon)
Jewellery
 t - a +6 ring of dexterity
 v - an amulet of regeneration (around neck)
 y - a ring of resist corrosion
 z - a ring of fire
 B - a +6 ring of intelligence (left hand)
 G - a +4 ring of protection (right hand)
 I - a +6 ring of strength
 O - an amulet of reflection
 W - a ring of willpower
Talismans
 R - a maw talisman
Wands
 j - a wand of mindburst (18)
 l - a wand of charming (37)
 A - a wand of iceblast (4)
 J - a wand of flame (30)
 P - a wand of digging (19)
Scrolls
 f - 2 scrolls of fear
 g - a scroll of torment
 m - 6 scrolls of teleportation
 p - 5 scrolls of poison
 q - a scroll of blinking
 u - 3 scrolls of immolation
 D - a scroll of summoning
 L - a scroll of identify
 N - a scroll of silence
 Q - 3 scrolls of fog
 X - a scroll of revelation
Potions
 a - a potion of mutation
 b - 4 potions of magic
 c - 2 potions of berserk rage
 d - 5 potions of curing
 h - a potion of ambrosia
 k - 3 potions of haste
 n - 2 potions of enlightenment
 r - a potion of cancellation
 E - 2 potions of resistance
 V - 3 potions of heal wounds
Miscellaneous
 o - a box of beasts
 w - a lightning rod (4/4)
 C - a phantom mirror


   Skills:
 - Level 5.4 Fighting
 - Level 7.0 Polearms
 - Level 2.0 Throwing
 - Level 3.7 Armour
 - Level 4.2 Dodging
 - Level 3.0 Stealth
 - Level 13.5 Spellcasting
 - Level 8.7 Conjurations
 * Level 15.3 Fire Magic
 - Level 5.0 Ice Magic
 + Level 14.5 Air Magic
 - Level 10.0 Poison Magic
 + Level 9.6 Invocations
 - Level 4.0 Evocations


You had 13 spell levels left.
You knew the following spells:

 Your Spells              Type           Power      Damage    Failure   Level
a - Foxfire               Conj/Fire      100%       2x1d9     1%          1
b - Scorch                Fire           100%       2d9       0%          2
c - Volatile Blastmotes   Fire/Tloc      100%       2d18      1%          3
d - Mephitic Cloud        Conj/Pois/Air  83%        N/A       1%          3
e - Olgreb's Toxic Radia  Pois           61%        N/A       1%          4
f - Arcjolt               Conj/Air       42%        1d52      1%          5
g - Frozen Ramparts       Ice            82%        1d13      1%          3
h - Plasma Beam           Fire/Air       47%        2x1d62    1%          6
i - Ozocubu's Armour      Ice            41%        N/A       1%          3

Your spell library contained the following spells:

 Spells                   Type           Power      Damage    Failure   Level
 Freeze                   Ice            100%       1d10      1%          1
 Magic Dart               Conj           100%       1d8       1%          1
 Shock                    Conj/Air       100%       1d9       1%          1
 Searing Ray              Conj           100%       2d8       1%          2
 Static Discharge         Conj/Air       100%       3-8/arc   1%          2
 Dazzling Flash           Conj/Hex       76%        N/A       1%          3
 Hailstorm                Conj/Ice       50%        3d11      1%          3
 Ignite Poison            Fire/Tmut/Pois 56%        N/A       1%          3
 Inner Flame              Hex/Fire       53%        N/A       1%          3
 Stone Arrow              Conj/Erth      76%        3d11      1%          3
 Swiftness                Air            94%        N/A       1%          3
 Airstrike                Air            47%        2d(7-23)  1%          4
 Flame Wave               Conj/Fire      67%        2d15      1%          4
 Sticky Flame             Conj/Fire      67%        2d8       1%          4
 Summon Lightning Spire   Summ/Air       68%        N/A       1%          4
 Vhi's Electric Charge    Tloc/Air       100%       N/A       1%          4
 Ensorcelled Hibernation  Hex/Ice        58%        N/A       2%          2
 Freezing Cloud           Conj/Ice/Air   38%        6-21      2%          5
 Necrotise                Necr           64%        1d7       4%          1
 Summon Small Mammal      Summ           64%        N/A       4%          1
 Starburst                Conj/Fire      33%        6d10      4%          6
 Conjure Ball Lightning   Conj/Air       42%        3x3d15    5%          6
 Blink                    Tloc           32%        N/A       6%          2
 Call Imp                 Summ           32%        N/A       6%          2
 Sublimation of Blood     Necr           16%        N/A       6%          2
 Silence                  Hex/Air        34%        N/A       6%          5
 Brom's Barrelling Bould  Conj/Erth      38%        2d6       7%          4
 Fulminant Prism          Conj/Hex       19%        3d10      7%          4
 Call Canine Familiar     Summ           16%        N/A       12%         3
 Sigil of Binding         Hex            16%        N/A       12%         3
 Summon Guardian Golem    Hex/Summ       16%        N/A       12%         3
 Tukima's Dance           Hex            16%        N/A       12%         3
 Vampiric Draining        Necr           16%        2d7       12%         3
 Summon Ice Beast         Ice/Summ       29%        N/A       14%         4
 Alistair's Intoxication  Tmut/Pois      27%        N/A       14%         5
 Irradiate                Conj/Tmut      19%        3d18      19%         5
 Animate Dead             Necr           16%        N/A       38%         4
 Dimensional Bullseye     Hex/Tloc       8%         N/A       38%         4
 Leda's Liquefaction      Hex/Erth       8%         N/A       38%         4
 Manifold Assault         Tloc           16%        N/A       38%         4
 Passage of Golubria      Tloc           16%        N/A       38%         4
 Petrify                  Tmut/Erth      16%        N/A       38%         4
 Metabolic Englaciation   Hex/Ice        14%        N/A       38%         5
 Ignition                 Fire           38%        3d11      45%         8
 Maxwell's Capacitive Co  Air            47%        ∞         56%         8
 Eringya's Noxious Bog    Tmut/Pois      20%        4d6       63%         6
 Orb of Destruction       Conj           28%        9d9       67%         7
 Bombard                  Conj/Erth      19%        9d4       71%         6
 Agony                    Necr           16%        N/A       75%         5
 Borgnjor's Vile Clutch   Necr/Erth      8%         N/A       75%         5
 Lee's Rapid Deconstruct  Erth           8%         3d7*      75%         5
 Summon Mana Viper        Hex/Summ       16%        N/A       75%         5
 Yara's Violent Unravell  Hex/Tmut       8%         3d5       75%         5
 Simulacrum               Ice/Necr       14%        N/A       92%         6
 Death Channel            Necr           8%         N/A       99%         6
 Discord                  Hex            8%         N/A       100%        8
 Lehudib's Crystal Spear  Conj/Erth      19%        10d6      100%        8
 Fire Storm               Conj/Fire      33%        8d9       100%        9
 Polar Vortex             Ice            20%        12d2*     100%        9


Dungeon Overview and Level Annotations

Branches:
Dungeon (13/15)            Temple (1/1) D:4            Lair (5/5) D:8
 Shoals (0/4) Lair:3       Spider (4/4) Lair:2        Slime (0/5) Lair:5
    Orc (2/2) D:11            Elf (0/3) Orc:2       Volcano (visited)
 Vaults: D:13-14

Altars:
Ashenzari
Cheibriados
Dithmenos
Elyvilon
Fedhas
Gozag
Hepliaklqana
Kikubaaqudgha
Makhleb
Nemelex Xobeh
Okawaru
Qazlal
Ru
Sif Muna
Trog
Uskayaw
Vehumet
Wu Jian
Xom
Yredelemnul
Zin
The Shining One
Jiyva

Shops:
D:2 :   Orc:1 (   Orc:2 ?[(:=

Annotations:
Lair:3 exclusion: ice statue
Spider:2 Roxanne
Spider:4 2 transporters, Donald; Koton's ghost, adept SpEn
Orc:1 3 runed translucent doors, Izoim's ghost, journeyman DgGl


Innate Abilities, Weirdness & Mutations

Your serpentine skin is tough. (AC +5)
You have supernaturally acute eyesight. (SInv)
Armour fits poorly on your strangely shaped body.
Your system is resistant to poisons. (rPois)
You cover ground very slowly.
You can spit poison.
You can use your snake-like lower body to constrict enemies.
You have a pair of small antennae on your head.
You are dopey. (Int -2)
Your muscles are strong. (Str +4, Int/Dex -1)


Message History

Okay, then.
Unknown command.
Unknown command.
Press: ? - help, v - describe, . - travel
Here: a steelbarb worm The floor.
As you read the scroll of fear, it crumbles to dust.
You assume a fearsome visage.
The spark wasp easily resists.
The meliai looks frightened!
The spark wasp looks frightened! x2
The spark wasp buzzes angrily.
The steelbarb worm looks frightened!
The torpor snail looks frightened!
The ghost moth looks frightened!
The entropy weaver looks frightened!
The spark wasp resists with almost no effort.
The spark wasp is poisoned.
Your attack snaps the meliai out of its fear.
The meliai is poisoned.
Your attack snaps the spark wasp out of its fear.
The spark wasp is poisoned.
Your attack snaps the spark wasp out of its fear.
The spark wasp is poisoned.
Your attack snaps the steelbarb worm out of its fear.
The steelbarb worm is poisoned.
Your attack snaps the torpor snail out of its fear.
The torpor snail is poisoned.
Your attack snaps the entropy weaver out of its fear.
The entropy weaver is poisoned.
The spark wasp is poisoned.
You hear a shout!
The spark wasp stings you but does no damage. x2
The steelbarb worm hits you but does no damage.
The meliai calls down the wrath of its god upon you.
Something smites you!
* * * LOW HITPOINT WARNING * * *
The spark wasp stings you!!
* * * LOW HITPOINT WARNING * * *
The spark wasp shocks you. You resist.
* * * LOW HITPOINT WARNING * * *
The spark wasp stings you!
* * * LOW HITPOINT WARNING * * *
The spark wasp shocks you. You resist.
You die...

8WBs..8##..#
########...#
...©.......#
..........## #.
....####### y..
##### ## .... ##
###..## .).. .#
#.....y##y.#### .#
#@y...#... {.##
#yw.##.....##..##.
yw.....s....w....#
..B..........w...w.
..##....#......sB.#.
... #.###...###@###
##.. ##w.....##.###
## #........w...#
....w...s.w...#


You could see a ghost moth (invisible, fleeing), an entropy weaver (poisoned), a
steelbarb worm (very poisoned), 4 spark wasps, a torpor snail (poisoned) and a
meliai (poisoned).

Vanquished Creatures
  Saint Roka (Orc:2)
  Arachne (Spider:3)
  Jorgrun (Orc:2)
  Rupert (Lair:4)
  Gastronok (D:8)
  5 emperor scorpions
  A ghost moth (Spider:2)
  A broodmother (Spider:3)
  Josephine (D:10)
  Snorg (Orc:2)
  2 entropy weavers
  Harold (D:11)
  2 radroaches (Spider:3)
  6 hydras
  3 catoblepae
  4 centaur warriors
  An anaconda (Lair:5)
  5 boulder beetles
  3 two-headed ogres
  Erica (D:8)
  2 death knights
  3 death yaks (Lair:5)
  An orc high priest (Orc:2)
  4 demonic crawlers
  Urug (Lair:2)
  Nergalle (D:10)
  Lodul (D:13)
  A hell knight (Volcano)
  4 skysharks
  7 pharaoh ants
  2 orb spiders (Spider:2)
  A lindwurm (Lair:5)
  8 steelbarb worms
  An orc knight (Orc:2)
  2 phantasmal warriors (D:13)
  Pikel (D:4)
  7 ugly things (D:13)
  16 wolf spiders
  2 deep elf pyromancers
  2 manticores
  3 orc sorcerers (Orc:2)
  7 cyclopes
  2 moths of wrath
  14 elephants
  2 merfolk sirens (Lair:3)
  Maurice (D:10)
  6 kobold blastminers (Orc:2)
  8 torpor snails
  12 black mambas
  2 gargoyles
  2 molten gargoyles (Volcano)
  21 cane toads
  4 yaktaurs
  4 rime drakes
  Jeremiah (D:8)
  2 efreet (D:13)
  An unseen horror (D:12)
  3 freezing wraiths
  9 komodo dragons
  A troll (D:11)
  2 merfolk (Lair:3)
  17 polar bears
  Grinder (D:4)
  10 hornets (Spider:1)
  16 tarantellas
  11 blink frogs
  6 raiju (Lair:5)
  20 dream sheep
  28 jumping spiders
  4 slime creatures
  36 yaks
  10 culicivoras
  5 wyverns
  A vampire (D:12)
  4 fire bats
  7 basilisks
  3 fire elementals
  Eustachio (D:4)
  5 wraiths (D:10)
  The ghost of rocker the Slasher, an amateur DgGl (D:4)
  3 steam dragons
  45 redbacks
  A vampire mosquito (D:10)
  5 wargs
  Menkaure (D:5)
  2 acid dragons (D:13)
  11 hell hounds (Lair:5)
  14 water moccasins
  5 ice beasts
  30 orc warriors
  A sky beast (D:8)
  14 black bears
  14 ogres
  19 wolves
  15 centaurs
  2 phantoms
  2 lemures (D:4)
  11 bullfrogs
  5 scorpions
  2 gnoll sergeants
  5 wights (D:8)
  3 killer bees (D:10)
  6 electric eels (Lair:5)
  6 howler monkeys
  6 lava snakes
  3 hounds (D:5)
  19 orc priests
  2 iguanas
  4 jellies
  2 sleepcaps (D:5)
  Jessica (D:2)
  26 orc wizards
  18 gnolls
  2 adders
  A shadow imp (D:7)
  A white imp (Lair:3)
  2 dart slugs (D:2)
  86 orcs
  7 bats
  An endoplasm (D:2)
  A giant cockroach (D:4)
  5 hobgoblins
  4 jackals (D:1)
  2 quokkas (D:5)
  3 ball pythons
  3 frilled lizards
  6 goblins
  4 kobolds
  9 rats
842 creatures vanquished.

Vanquished Creatures (collateral kills)
  A demonic crawler (Spider:1)
  Edmund (D:5)
2 creatures vanquished.

Vanquished Creatures (others)
  A jelly (D:8)
  84 foxfires
85 creatures vanquished.

Grand Total: 929 creatures vanquished

Notes
Turn   | Place    | Note
-------+----------+-------------------------------------------
     0 | D:1      | jt the Naga Fire Elementalist began the quest for the Orb.
     0 | D:1      | Reached XP level 1. HP: 15/15 MP: 3/3
   248 | D:1      | Reached XP level 2. HP: 22/22 MP: 5/5
   294 | D:1      | Learned a level 2 spell: Scorch
   877 | D:2      | Found Joele's Book Boutique.
   905 | D:2      | Reached XP level 3. HP: 26/28 MP: 6/6
   911 | D:2      | Noticed Jessica
   915 | D:2      | Killed Jessica
  1079 | D:2      | Reached XP level 4. HP: 36/36 MP: 5/8
  1656 | D:3      | Found a shimmering blue altar of Sif Muna.
  1664 | D:3      | Became a worshipper of Sif Muna the Loreminder
  1674 | D:3      | Found a white marble altar of Elyvilon.
  1674 | D:3      | Found a burning altar of Makhleb.
  1674 | D:3      | Found an iron altar of Okawaru.
  1695 | D:3      | Found a faded altar of an unknown god.
  2575 | D:4      | Noticed Grinder
  2579 | D:4      | Paralysed by Grinder for 2 turns
  2746 | D:4      | Found a staircase to the Ecumenical Temple.
  2751 | D:4      | Reached skill level 4 in Fire Magic
  2751 | D:4      | Reached XP level 5. HP: 42/42 MP: 4/9
  2761 | Temple   | Entered the Ecumenical Temple
  2838 | D:4      | Noticed Eustachio
  2854 | D:4      | Killed Eustachio
  2855 | D:4      | Reached XP level 6. HP: 6/49 MP: 9/11
  2917 | D:4      | Noticed Pikel
  2946 | D:4      | Killed Pikel
  2947 | D:4      | Reached skill level 5 in Fire Magic
  2947 | D:4      | Reached XP level 7. HP: 41/55 MP: 11/14
  2959 | D:4      | Reached skill level 5 in Spellcasting
  2959 | D:4      | Reached XP level 8. HP: 35/62 MP: 9/15
  2968 | D:4      | Paralysed by Grinder for 2 turns
  2970 | D:4      | Killed Grinder
  2971 | D:4      | Reached skill level 5 in Conjurations
  2971 | D:4      | Reached skill level 6 in Fire Magic
  3228 | D:4      | Identified the +7 halberd of Floods {venom, rF+}
  3236 | D:4      | Found a transporter.
  3287 | D:4      | Found a blossoming altar of Fedhas.
  3288 | D:4      | Reached * piety under Sif Muna
  3295 | D:4      | Found a bloodstained altar of Trog.
  3301 | D:4      | Found a sparkling altar of Nemelex Xobeh.
  3308 | D:4      | Found an ancient bone altar of Kikubaaqudgha.
  3344 | D:4      | Found a transporter.
  3437 | D:4      | Noticed rocker's ghost (amateur DgGl)
  3601 | D:5      | Entered Level 5 of the Dungeon
  3654 | D:5      | Found a stormy altar of Qazlal.
  3886 | D:5      | Found a shimmering altar of Xom.
  4027 | D:5      | Noticed Menkaure
  4050 | D:5      | Killed Menkaure
  4051 | D:5      | Reached skill level 7 in Fire Magic
  4051 | D:5      | Reached XP level 9. HP: 68/68 MP: 11/18
  4055 | D:5      | Learned a level 3 spell: Volatile Blastmotes
  4117 | D:5      | Noticed Edmund
  4126 | D:5      | Killed Edmund
  4355 | D:5      | Learned a level 3 spell: Mephitic Cloud
  4552 | D:6      | Reached skill level 1 in Poison Magic
  4610 | D:6      | Reached skill level 1 in Air Magic
  4971 | D:6      | Identified the +1 leather armour "Bely" {Drain Regen+
                  | Dex+5}
  5299 | D:6      | Found a glowing silver altar of Zin.
  5704 | D:7      | Reached skill level 5 in Poison Magic
  6137 | D:8      | Got the Tome of Coruscating Soot
  6155 | D:8      | Noticed Erica
  6170 | D:8      | Killed Erica
  6170 | D:8      | Reached ** piety under Sif Muna
  6171 | D:8      | Reached XP level 10. HP: 33/81 MP: 1/19
  6174 | D:8      | Noticed Gastronok
  6336 | D:9      | Found an ornate altar of the Wu Jian Council.
  6354 | D:9      | Reached skill level 1 in Throwing
  6371 | D:9      | Reached skill level 1 in Evocations
  6380 | D:9      | Learned a level 4 spell: Olgreb's Toxic Radiance
  6505 | D:8      | Killed Gastronok
  6678 | D:8      | Noticed Jeremiah
  6692 | D:8      | Killed Jeremiah
  6829 | D:8      | Found a staircase to the Lair.
  6838 | D:8      | Reached skill level 9 in Fire Magic
  6838 | D:8      | Reached XP level 11. HP: 88/88 MP: 20/23
  7613 | D:9      | Noticed a cyclops
  7850 | D:9      | Killed a cyclops
  7957 | D:9      | Noticed a centaur warrior
  8061 | D:9      | Killed a centaur warrior
  8062 | D:9      | Reached skill level 10 in Poison Magic
  8262 | D:10     | Entered Level 10 of the Dungeon
  8348 | D:10     | Noticed Josephine
  8417 | D:10     | Reached XP level 12. HP: 90/96 MP: 5/25
  8417 | D:10     | Gained mutation: You have a pair of small antennae on your
                  | head. [potion of mutation]
  8417 | D:10     | Gained mutation: You are dopey. (Int -2) [potion of
                  | mutation]
  8417 | D:10     | Gained mutation: Your muscles are strong. (Str +4, Int/Dex
                  | -1) [potion of mutation]
  8510 | Lair:1   | Entered Level 1 of the Lair of Beasts
  8516 | Lair:1   | Reached skill level 10 in Spellcasting
  8522 | Lair:1   | Reached *** piety under Sif Muna
  9747 | Lair:2   | Noticed a boulder beetle
  9757 | Lair:2   | Killed a boulder beetle
  9978 | Lair:2   | Noticed Urug
  9999 | Lair:2   | Killed Urug
 10161 | Lair:2   | Reached **** piety under Sif Muna
 10171 | Lair:2   | Learned a level 5 spell: Arcjolt
 10175 | Lair:2   | Learned a level 3 spell: Frozen Ramparts
 10331 | Lair:2   | Gained mutation: You can use your snake-like lower body to
                  | constrict enemies. [Naga growth]
 10331 | Lair:2   | Reached XP level 13. HP: 77/102 MP: 17/30
 10423 | Lair:2   | Reached skill level 5 in Air Magic
 11148 | Lair:2   | Found a hole to the Spider Nest.
 12020 | Lair:3   | Identified the +2 ring mail of Oklo {Harm rN+ SInv}
 12717 | Lair:3   | Reached skill level 10 in Air Magic
 12801 | Lair:3   | Reached skill level 1 in Ice Magic
 12836 | Lair:3   | Reached ***** piety under Sif Muna
 12890 | Lair:3   | Found a staircase to the Shoals.
 13418 | Lair:4   | Noticed Rupert
 13433 | Lair:4   | Killed Rupert
 13434 | Lair:4   | Reached skill level 1 in Invocations
 13659 | Lair:4   | Reached skill level 5 in Ice Magic
 13661 | Lair:4   | Reached XP level 14. HP: 72/109 MP: 12/31
 13901 | Lair:4   | Reached skill level 5 in Invocations
 14416 | Lair:4   | Learned a level 6 spell: Plasma Beam
 15079 | Lair:5   | Entered Level 5 of the Lair of Beasts
 15144 | Lair:5   | Found a staircase to the Slime Pits.
 15288 | Lair:5   | Received a gift from Sif Muna
 15783 | Lair:5   | Reached skill level 10 in Fire Magic
 16288 | Lair:5   | Found a viscous altar of Jiyva.
 16841 | Lair:5   | Reached skill level 11 in Fire Magic
 17117 | Lair:5   | Identified the +4 chain mail of Suss {rC+ Int+6 Dex+3}
 17200 | Lair:5   | Reached XP level 15. HP: 112/115 MP: 32/32
 17347 | Lair:5   | Reached skill level 12 in Fire Magic
 17356 | Lair:5   | Reached skill level 1 in Armour
 17368 | Lair:5   | Received a gift from Sif Muna
 17554 | Lair:5   | Identified the +1 sling "Gedoz" {elec, rPois}
 18258 | Spider:1 | Entered Level 1 of the Spider Nest
 18562 | D:10     | Noticed Nergalle
 18571 | D:10     | Killed Nergalle
 18969 | D:10     | Reached skill level 5 in Fighting
 19064 | D:10     | Noticed Maurice
 19077 | D:10     | Killed Maurice
 19294 | D:10     | Killed Josephine
 19533 | D:10     | Identified the ring of Guschini {rF+ Will+ MP+9 Int+4}
 19741 | D:10     | Identified the +1 dire flail of Bebumixo {heavy, *Corrode
                  | rF+ rN+++ SInv}
 20052 | D:11     | Noticed Harold
 20055 | D:11     | Killed Harold
 20119 | D:11     | Found a staircase to the Orcish Mines.
 20292 | D:11     | Reached skill level 1 in Polearms
 21516 | D:12     | Received a gift from Sif Muna
 21517 | D:12     | Got Sif Muna's Compilation of Ouranomancy {god gift}
 21880 | D:12     | Identified the +11 scimitar of Pomytomn {venom, Will+}
 22004 | D:12     | Identified the +3 whip of Decaying Absolution {speed,
                  | Fragile rCorr Str+4}
 22354 | D:13     | Noticed Lodul
 22362 | D:13     | Killed Lodul
 22527 | D:13     | Identified a scroll of acquirement
 22528 | D:13     | Acquired the +1 hat of the Sky {rPois rF+ Will+}
 22618 | D:13     | Reached skill level 5 in Polearms
 23200 | D:13     | Reached XP level 16. HP: 116/132 MP: 11/33
 23970 | Orc:1    | Entered Level 1 of the Orcish Mines
 24002 | Orc:1    | Found Loqut's Weapon Shop.
 24033 | Orc:1    | Found a dark tunnel.
 24042 | Volcano  | Entered a volcano
 24303 | Volcano  | Found a bloodstained altar of Trog.
 24926 | Orc:1    | Found a runed translucent gate.
 24926 | Orc:1    | Found a runed translucent gate.
 24941 | Orc:1    | Found a runed translucent gate.
 24943 | Orc:1    | Noticed Izoim's ghost (journeyman DgGl)
 25255 | Orc:2    | Entered Level 2 of the Orcish Mines
 25255 | Orc:2    | Found a staircase to the Elven Halls.
 25629 | Orc:2    | Noticed Jorgrun
 25636 | Orc:2    | Killed Jorgrun
 26126 | Orc:2    | Noticed Snorg
 26140 | Orc:2    | Received a gift from Sif Muna
 26144 | Orc:2    | Killed Snorg
 26530 | Orc:2    | Reached skill level 13 in Fire Magic
 26633 | Orc:2    | Found Peptu's Magic Scroll Emporium.
 26636 | Orc:2    | Bought a scroll of blinking for 82 gold pieces
 26636 | Orc:2    | Bought a scroll of summoning for 104 gold pieces
 26798 | Orc:2    | Found Cara's Jewellery Emporium.
 26844 | Orc:2    | Found Zoumm's Book Shop.
 26971 | Orc:2    | Noticed Saint Roka
 27152 | Orc:2    | Killed Saint Roka
 27156 | Orc:2    | Found Vueh's Antique Weapon Boutique.
 27162 | Orc:2    | Found Goll's Antique Armour Shop.
 27439 | D:4      | Killed rocker's ghost
 28816 | Spider:1 | Paralysed by a hornet for 1 turns
 29079 | Spider:1 | Received a gift from Sif Muna
 29080 | Spider:1 | Got Sif Muna's Parchment of Intuition {god gift}
 29136 | Spider:2 | Learned a level 3 spell: Ozocubu's Armour
 29705 | Spider:2 | Reached skill level 14 in Fire Magic
 29908 | Spider:2 | Reached XP level 17. HP: 46/138 MP: 9/34
 30170 | Spider:2 | Noticed Roxanne
 30666 | Spider:3 | Noticed Arachne
 30814 | Spider:3 | Killed Arachne
 31615 | Spider:4 | Entered Level 4 of the Spider Nest
 32074 | Spider:4 | Received a gift from Sif Muna
 32076 | Spider:4 | Got Sif Muna's Grimoire of Cryomancy and Outbursts {god
                  | gift}
 32269 | Spider:4 | Reached skill level 15 in Fire Magic
 32681 | Spider:4 | Found a transporter.
 32681 | Spider:4 | Noticed Koton's ghost (adept SpEn)
 32708 | Spider:4 | Found a transporter.
 32884 | Spider:4 | Noticed Donald
 32891 | Spider:4 | HP: 1/138 [spark wasp (12)]
 32891 | Spider:4 | Slain by a spark wasp

Illustrated notes

Levels and vault maps discovered:
D:1:      elethiomel_arrival_diamonds, layout_loops_ring
D:2:      layout_basic, serial_shops, shop, uniq_jessica
D:3:      layout_loops_corners, chequers_temple_overflow_statue_of_worship,
          lemuel_round_altar, ebering_ecumenical_altar_hall
D:4:      layout_rooms, grunt_temple_overflow_cloverleaf,
          minmay_temple_entry_nine_rooms, gammafunk_ghost_gnarly_gnolls,
          uniq_pikel, uniq_grinder, uniq_eustachio
D:5:      nicolae_BIG_FREAKIN_CUBE, layout_rooms,
          mainiacjoe_overflow_small_starburst, mainiacjoe_overflow_alcove_2,
          serial_corexii_hall, corexii_hall_statues_x, corexii_hall_statues_i,
          uniq_menkaure, uniq_edmund
D:6:      black_bear_nest_1, layout_rooms, zin_treasury, minmay_manual_mares
D:7:      layout_cave_pods
D:8:      layout_cave_pods, lair_entry_dummy, uniq_gastronok, uniq_jeremiah,
          uniq_erica
D:9:      layout_gridville, kennysheep_little_box, minivault_20, minmay_holes
D:10:     minmay_the_grid_triangle_9x9_rhombus_thin_mashed
          [minmay_the_grid_triangle_9x9_alien,
          minmay_the_grid_triangle_9x9_prize_schism,
          minmay_the_grid_triangle_9x9_sparse_checkered,
          minmay_the_grid_triangle_9x9_zippers_horizontal],
          layout_irregular_city, uniq_nergalle, uniq_maurice, uniq_josephine
D:11:     layout_cave_pools, orc_david_3, uniq_harold
D:12:     layout_basic
D:13:     hangedman_cross_stitches, layout_cave_pools, serial_column_ruins,
          column_ruins_grid_5, column_ruins_circle_small,
          column_ruins_open_tiny, column_ruins_columns_water,
          column_ruins_grid_2, column_ruins_grid_3, column_ruins_grid_1,
          uniq_lodul
Temple:   nicolae_temple_bog_church
Lair:1:   layout_loops_ring
Lair:2:   layout_loops_ring, hellmonk_spider_entry_life_and_decay,
          grunt_megastairs_3, uniq_urug
Lair:3:   layout_chaotic_city, elwin_shoals_entry_rooms, ice2_lemuel
Lair:4:   layout_layer_cave, grunt_megastairs_4, infiniplex_staircase_pool_2,
          lemuel_fruit_fields, uniq_rupert
Lair:5:   hangedman_lair_caniforms_friends, layout_regular_city,
          hangedman_lair_in_review, nicolae_slime_entry_field_trip,
          serial_bayou, serial_bayou_pond_b, serial_bayou_lagoon_a,
          serial_bayou_pond_d, serial_bayou_pond_b, serial_bayou_lake_a,
          chequers_serial_rivers_micro_d
Spider:1: spiders_nest_scorpion_pit, nicolae_spider_nooks_and_crannies
Spider:2: layout_spider_delve, hangedman_spider_tarantella_strand, uniq_roxanne
Spider:3: layout_spider_delve, uniq_arachne
Spider:4: hellmonk_spider_rune_bug_friends, gammafunk_ghost_arena, drop_trap,
          uniq_donald
Orc:1:    layout_diamond_mine, gammafunk_ghost_necromancy, enter_volcano_1,
          serial_shops, shop, basic_altar
Orc:2:    grunt_orc_community_town_hall, layout_caves,
          grunt_orc_community_big_house_1, grunt_orc_community_big_house_1,
          grunt_orc_community_house_2, grunt_orc_community_house_2,
          grunt_orc_community_house_1, grunt_orc_community_house_2,
          grunt_orc_community_house_1, grunt_orc_community_house_3,
          serial_shops, nicolae_shop_window_shopping, uniq_snorg, uniq_jorgrun

Skill      XL: |  1  2  3  4  5  6  7  8  9 10 11 12 13 14 15 16 17 |
---------------+----------------------------------------------------+-----
Conjurations   | 2 3 4 6 8 |  8.7
Spellcasting   | 3 4 5 6 8 9 13 | 13.5
Fire Magic     | 4 5 7 9 11 12 14 15 | 15.3
Poison Magic   | 8 10 | 10.0
Air Magic      | 3 4 10 12 13 14 | 14.5
Fighting       | 2 5 |  5.4
Throwing       | 2 |  2.0
Evocations     | 4 |  4.0
Ice Magic      | 5 |  5.0
Invocations    | 4 7 8 9 |  9.6
Armour         | 3 |  3.7
Dodging        | 4 |  4.2
Polearms       | 6 7 |  7.0
Stealth        | |  3.0

Action                     |  1- 3 |  4- 6 |  7- 9 | 10-12 | 13-15 | 16-18 || total
---------------------------+-------+-------+-------+-------+-------+-------++-------
  Melee: Unarmed           |    15 |       |       |       |       |       ||    15
         Dagger            |    26 |       |       |       |       |       ||    26
         Whip              |     9 |       |       |       |       |       ||     9
         Punch             |     2 |       |     1 |     2 |    15 |     3 ||    23
         Mace              |       |    10 |       |       |       |       ||    10
         Short sword       |       |    30 |    98 |   139 |       |       ||   267
         Trident           |       |       |       |    25 |   494 |   312 ||   831
         Constrict         |       |       |       |       |   102 |    78 ||   180
         Staff             |       |       |       |       |       |    35 ||    35
         Dire flail        |       |       |       |       |       |     2 ||     2
  Throw: Javelin           |       |     2 |       |       |       |       ||     2
   Cast: Foxfire           |    11 |       |    17 |    13 |     9 |       ||    50
         Scorch            |     5 |     9 |    65 |    86 |    86 |       ||   251
         Mephitic Cloud    |       |       |    11 |    23 |    42 |     5 ||    81
         Volatile Blastmot |       |       |     1 |     2 |     1 |       ||     4
         Olgreb's Toxic Ra |       |       |       |    39 |   112 |   144 ||   295
         Arcjolt           |       |       |       |     1 |    57 |    23 ||    81
         Frozen Ramparts   |       |       |       |       |    24 |     8 ||    32
         Plasma Beam       |       |       |       |       |    68 |    88 ||   156
         Ozocubu's Armour  |       |       |       |       |       |     5 ||     5
 Invoke: Channel Magic     |       |       |       |       |     1 |     2 ||     3
Ability: Spit Poison       |    16 |    10 |    15 |    18 |    27 |    13 ||    99
  Evoke: Wand              |       |       |     1 |     2 |     9 |     2 ||    14
         Phantom mirror    |       |       |       |       |     1 |     2 ||     3
         Lightning rod     |       |       |       |       |       |     6 ||     6
    Use: Scroll            |       |     8 |     4 |     5 |    10 |     7 ||    34
         Potion            |       |     4 |     1 |     4 |     9 |     2 ||    20
   Stab: Sleeping          |     2 |     4 |     4 |     1 |     3 |     1 ||    15
         Confused          |       |       |     1 |     9 |    14 |     1 ||    25
         Distracted        |       |       |       |       |     1 |       ||     1
 Armour: Robe              |    48 |    46 |    86 |       |       |       ||   180
         Leather armour    |       |       |    26 |   211 |   714 |   381 ||  1332
         Skin              |       |       |       |       |    29 |       ||    29
  Dodge: Dodged            |    41 |    24 |    64 |   114 |   353 |   192 ||   788
         Repelled          |       |       |       |       |     1 |     6 ||     7

Table legend: (Time is in decaauts)
 A = Elapsed time spent in this place.
 B = Non-inter-level travel time spent in this place.
 C = Inter-level travel time spent in this place.
 D = Time resting spent in this place.
 E = Time spent auto-exploring this place.
 F = Levels seen in this place.
 G = Mean time per level.
                   A        B        C        D        E       F      G
               +--------+--------+--------+--------+--------+-----+--------+
         Total |  40321 |  37070 |   3251 |   9345 |  18255 |  26 | 1550.8 |
       Dungeon |  18240 |  16460 |   1780 |   3222 |   9306 |  13 | 1403.1 |
        Temple |      1 |      1 |      0 |      0 |      0 |   1 |    1.0 |
          Lair |  12069 |  11142 |    927 |   3389 |   4976 |   5 | 2413.8 |
   Spider Nest |   5939 |   5560 |    379 |   1966 |   2205 |   4 | 1484.8 |
  Orcish Mines |   3365 |   3202 |    163 |    579 |   1542 |   2 | 1682.5 |
       Volcano |    704 |    704 |      0 |    186 |    224 |   1 |  704.0 |
               +--------+--------+--------+--------+--------+-----+--------+

Top non-repeatable levels by time:
  Lair:5: 3312 daAuts
  Lair:4: 2539 daAuts
   Orc:2: 2446 daAuts
  Lair:2: 2426 daAuts
    D:10: 2292 daAuts
  Lair:3: 2110 daAuts
Spider:3: 1854 daAuts
    D:12: 1852 daAuts
     D:8: 1757 daAuts
Spider:1: 1682 daAuts
  Lair:1: 1681 daAuts
     D:9: 1653 daAuts
     D:3: 1502 daAuts
Spider:2: 1487 daAuts
     D:4: 1309 daAuts
